 Dungeon Crawl Stone Soup version 0.23.2-1-ga50397a (webtiles) character file.

Game seed: 12924399492055971074

3953 Lickle the Fighter (level 10, -2/72 HPs)
             Began as a Gnoll Abyssal Knight on Apr 29, 2019.
             Was a Priest of Lugonu.
             Slain by a hellwing (13 damage)
             ... on level 8 of the Dungeon.
             The game lasted 00:30:30 (8375 turns).

Lickle the Fighter (Gnoll Abyssal Knight)           Turns: 8375, Time: 00:30:33

Health: -2/72      AC: 14    Str: 18    XL:     10   Next: 21%
Magic:  17/17      EV: 15    Int: 16    God:    Lugonu [***...]
Gold:   518        SH:  0    Dex: 15    Spells: 19/19 levels left

rFire    . . .     SeeInvis .   a - +3 falchion
rCold    . . .     Gourm    .   (no shield)
rNeg     . . .     Faith    .   f - +0 ring mail
rPois    .         Spirit   .   x - +2 helmet
rElec    .         Reflect  .   n - +0 cloak
rCorr    .         Harm     +   m - +0 pair of gloves (curse)
MR       .....                  p - +0 pair of boots
Stlth    +++.......             h - amulet of harm
HPRegen  0.22/turn              q - +3 ring of protection
MPRegen  0.15/turn              (no ring)

@: very slightly contaminated, invisible
A: distributed training, fangs 1, clever 1, deformed body, frail 1, sturdy frame
1, strong nose
a: Depart the Abyss, Bend Space, Banish, Renounce Religion


You were on level 8 of the Dungeon.
You worshipped Lugonu.
Lugonu was most pleased with you.
You were hungry.

You visited 2 branches of the dungeon, and saw 9 of its levels.
You visited the Abyss 1 time.

You collected 518 gold pieces.

Inventory:

Hand Weapons
 a - a +3 falchion (weapon)
 k - a +0 short sword of speed
 z - a +0 scimitar
Armour
 f - a +0 ring mail (worn)
 m - a cursed +0 pair of gloves (worn)
 n - a +0 cloak (worn)
 p - a +0 pair of boots (worn)
 x - a +2 helmet (worn)
Jewellery
 h - an amulet of harm (around neck)
 o - an uncursed amulet of rage
 q - a +3 ring of protection (left hand)
 y - a +3 ring of protection
Wands
 b - a wand of digging (1)
 d - a wand of iceblast (8)
 g - a wand of polymorph (7)
 j - a wand of paralysis (5)
 r - a wand of clouds (4)
 w - a wand of flame (2)
Scrolls
 e - a scroll of magic mapping
 l - 2 scrolls of fog
 s - 5 scrolls of amnesia
 u - 2 scrolls of identify
Potions
 i - 3 potions of curing
 t - a potion of haste
Comestibles
 c - 16 rations


   Skills:
 + Level 8.3 Fighting
 + Level 5.0 Short Blades
 + Level 6.8 Long Blades
 + Level 5.0 Axes
 + Level 5.0 Maces & Flails
 + Level 5.0 Polearms
 + Level 5.0 Staves
 + Level 5.0 Slings
 + Level 5.0 Bows
 + Level 5.0 Crossbows
 + Level 5.0 Throwing
 + Level 6.8 Armour
 + Level 5.6 Dodging
 + Level 5.0 Stealth
 + Level 5.0 Shields
 + Level 5.0 Unarmed Combat
 + Level 5.0 Spellcasting
 + Level 4.1 Conjurations
 + Level 4.1 Hexes
 + Level 4.1 Charms
 + Level 4.1 Summonings
 + Level 4.1 Necromancy
 + Level 4.1 Translocations
 + Level 4.1 Transmutations
 + Level 4.1 Fire Magic
 + Level 4.1 Ice Magic
 + Level 4.1 Air Magic
 + Level 4.1 Earth Magic
 + Level 4.1 Poison Magic
 + Level 7.2 Invocations
 + Level 5.0 Evocations


You had 19 spell levels left.
You didn't know any spells.
Your spell library contained the following spells:

 Spells                   Type           Power        Failure   Level  Hunger
 Corona                   Hex            ###....      3%          1    None
 Slow                     Hex            ###.....     5%          2    #......
 Inner Flame              Hex/Fire       ###.....     11%         3    ###....
 Portal Projectile        Hex/Tloc       ###...       11%         3    ###....
 Cause Fear               Hex            ###.......   34%         4    ####...
 Leda's Liquefaction      Hex/Erth       ###.......   34%         4    ####...


Dungeon Overview and Level Annotations

Branches:
Dungeon (8/15)             Temple (1/1) D:5            Lair (0/6) D:8

Altars:
Ashenzari
Cheibriados
Dithmenos
Elyvilon
Fedhas
Hepliaklqana
Kikubaaqudgha
Makhleb
Nemelex Xobeh
Okawaru
Qazlal
Ru
Sif Muna
Uskayaw
Vehumet
Wu Jian
Xom
Yredelemnul
Zin

Shops:
D:5 *   D:8 }

Annotations:
D:4 exclusion: statue
D:5 Dowan, Duvessa, Eustachio


Innate Abilities, Weirdness & Mutations

Your experience applies equally to all skills.
You have very sharp teeth.
Your uncanny sense of smell can sniff out nearby items.
Your mind is acute. (Int +2)
Armour fits poorly on your strangely shaped body.
You are frail. (-10% HP)
Your movements are slightly less encumbered by armour. (ER -2)


Message History

The hellwing misses you.
The centaur warrior skeleton completely misses you.
The shadow imp closely misses you.
You are very lightly contaminated with residual magic.
You hit the hellwing.
The hellwing is lightly wounded.
The centaur warrior skeleton closely misses you.
The hellwing closely misses you. The hellwing misses you.
The hellwing barely misses you. The hellwing completely misses you.
The shadow imp gestures at you. Pain shoots through your body!
* * * LOW HITPOINT WARNING * * *
You hit the shadow imp.
The shadow imp is heavily wounded.
The centaur warrior skeleton completely misses you.
You riposte.
You hit the centaur warrior skeleton.
The centaur warrior skeleton is lightly damaged.
The hellwing hits you but does no damage.
The hellwing barely misses you. The hellwing hits you!
You die...

.).## ...#
.....%....... .#.#
...8....8.. .###
....888....# .#
.P.8..8...## ##
8...8.....# .Z5 ......
... #Z##..... ∆ ...
#@55..# .. ##44..## ##
#.###...### .##
.###.#....## ..##
..#......##
...####.##.....##
..(.##..#.#...####
....##....##..##.####
..#.......##........###


You could see 2 hellwings, 3 shadow imps and 2 centaur warrior skeletons.

Vanquished Creatures
  Maurice (D:8)
  A centaur zombie (D:8)
  Prince Ribbit (D:5)
  3 wargs (D:8)
  A sky beast (D:6)
  2 ice beasts
  2 black bears (D:6)
  An ogre (D:7)
  An orc warrior (D:7)
  2 centaurs
  3 phantoms
  A crocodile (D:7)
  4 bullfrogs
  5 scorpions
  A wyvern skeleton (D:8)
  2 crimson imps
  A bullfrog zombie (D:7)
  A hound (D:7)
  An iron imp (D:2)
  2 bullfrog skeletons
  2 orc priests (D:6)
  2 jellies
  Crazy Yiuf (D:4)
  Ijyb (D:5)
  Natasha (thrice) (D:3)
  An iguana (D:6)
  6 orc wizards
  4 worker ants
  A hound zombie (D:7)
  2 worker ant zombies (D:6)
  3 gnolls (D:8)
  8 adders
  A shadow imp (D:8)
  3 oozes
  An adder zombie (D:5)
  3 worms (D:2)
  A dart slug (D:3)
  4 leopard geckos
  31 orcs
  A ball python (D:4)
  3 giant cockroaches
  7 goblins
  3 hobgoblins
  13 jackals
  6 kobolds
  4 quokkas
  2 bats (D:1)
  6 frilled lizards
  4 rats
163 creatures vanquished.

Notes
Turn   | Place    | Note
-------+----------+-------------------------------------------
     0 | Abyss:1  | Lickle the Gnoll Abyssal Knight began the quest for the
                  | Orb.
     0 | Abyss:1  | Reached XP level 1. HP: 23/23 MP: 3/3
    19 | Abyss:1  | Found a corrupted altar of Lugonu.
    82 | Abyss:1  | Found a corrupted altar of Lugonu.
   137 | Abyss:3  | Found a corrupted altar of Lugonu.
   157 | Abyss:3  | Noticed a raiju
   158 | Abyss:3  | Noticed a raiju
   158 | Abyss:3  | Noticed a raiju
   164 | Abyss:3  | Noticed a raiju
   166 | D:1      | Escaped the Abyss
   223 | D:1      | Reached * piety under Lugonu
   238 | D:1      | Reached XP level 2. HP: 28/29 MP: 5/5
   615 | D:1      | Reached XP level 3. HP: 33/35 MP: 6/6
  1132 | D:2      | Reached skill level 1 in Short Blades
  1132 | D:2      | Reached skill level 1 in Axes
  1132 | D:2      | Reached skill level 1 in Maces & Flails
  1132 | D:2      | Reached skill level 1 in Polearms
  1132 | D:2      | Reached skill level 1 in Staves
  1132 | D:2      | Reached skill level 1 in Slings
  1132 | D:2      | Reached skill level 1 in Bows
  1132 | D:2      | Reached skill level 1 in Crossbows
  1132 | D:2      | Reached skill level 1 in Throwing
  1132 | D:2      | Reached skill level 1 in Stealth
  1132 | D:2      | Reached skill level 1 in Shields
  1132 | D:2      | Reached skill level 1 in Unarmed Combat
  1132 | D:2      | Reached skill level 1 in Spellcasting
  1132 | D:2      | Reached skill level 1 in Evocations
  1321 | D:2      | Reached XP level 4. HP: 41/41 MP: 7/7
  1335 | D:2      | Found a blossoming altar of Fedhas.
  1401 | D:2      | Found a burning altar of Makhleb.
  1693 | D:2      | Reached skill level 1 in Conjurations
  1693 | D:2      | Reached skill level 1 in Hexes
  1693 | D:2      | Reached skill level 1 in Charms
  1693 | D:2      | Reached skill level 1 in Summonings
  1693 | D:2      | Reached skill level 1 in Necromancy
  1693 | D:2      | Reached skill level 1 in Translocations
  1693 | D:2      | Reached skill level 1 in Transmutations
  1693 | D:2      | Reached skill level 1 in Fire Magic
  1693 | D:2      | Reached skill level 1 in Ice Magic
  1693 | D:2      | Reached skill level 1 in Air Magic
  1693 | D:2      | Reached skill level 1 in Earth Magic
  1693 | D:2      | Reached skill level 1 in Poison Magic
  1706 | D:2      | Found a hide-covered altar of Uskayaw.
  1896 | D:2      | Found a faded altar of an unknown god.
  2218 | D:3      | Found an ornate altar of the Wu Jian Council.
  2236 | D:3      | Found a hazy altar of Hepliaklqana.
  2250 | D:3      | Noticed Natasha
  2257 | D:3      | Killed Natasha
  2257 | D:3      | Reached XP level 5. HP: 47/47 MP: 8/8
  2356 | D:3      | Reached ** piety under Lugonu
  2551 | D:3      | Noticed Natasha
  2555 | D:3      | Killed Natasha
  2642 | D:3      | Noticed Natasha
  2650 | D:3      | Killed Natasha
  2841 | D:3      | Reached XP level 6. HP: 53/53 MP: 9/9
  3092 | D:4      | Reached skill level 5 in Invocations
  3096 | D:4      | Gained mutation: You are frail. (-10% HP) [potion of
                  | mutation]
  3096 | D:4      | Gained mutation: Your mind is acute. (Int +2) [potion of
                  | mutation]
  3096 | D:4      | Gained mutation: Armour fits poorly on your strangely
                  | shaped body. [potion of mutation]
  3096 | D:4      | Gained mutation: Your movements are slightly less
                  | encumbered by armour. (ER -2) [potion of mutation]
  3473 | D:4      | Found a runed translucent door.
  3474 | D:4      | Noticed Crazy Yiuf
  3515 | D:4      | Noticed a phantom
  3526 | D:4      | Killed a phantom
  3526 | D:4      | Reached skill level 5 in Long Blades
  3526 | D:4      | Reached skill level 5 in Armour
  3531 | D:4      | Found a radiant altar of Vehumet.
  3743 | D:4      | Killed Crazy Yiuf
  3987 | D:5      | Entered Level 5 of the Dungeon
  4025 | D:5      | Noticed Ijyb
  4046 | D:5      | Killed Ijyb
  4046 | D:5      | Reached XP level 7. HP: 40/53 MP: 10/10
  4202 | D:5      | Reached skill level 7 in Fighting
  4206 | D:5      | Noticed Prince Ribbit
  4228 | D:5      | Noticed Eustachio
  4231 | D:5      | Noticed Duvessa
  4231 | D:5      | Noticed Dowan
  4249 | D:5      | Found Zanotusm's General Store.
  4285 | D:5      | Found a staircase to the Ecumenical Temple.
  4291 | Temple   | Entered the Ecumenical Temple
  4586 | D:5      | Killed Prince Ribbit
  4664 | D:5      | HP: 1/54 [bullfrog skeleton (4)]
  4947 | D:5      | Reached XP level 8. HP: 43/60 MP: 12/12
  4959 | D:5      | Found a white marble altar of Elyvilon.
  5755 | D:6      | Found an ancient bone altar of Kikubaaqudgha.
  6172 | D:6      | Found a snail-covered altar of Cheibriados.
  6227 | D:6      | Reached XP level 9. HP: 59/64 MP: 14/14
  7166 | D:7      | Reached *** piety under Lugonu
  7415 | D:7      | Reached skill level 5 in Dodging
  7474 | D:7      | Found a shadowy altar of Dithmenos.
  7870 | D:8      | Reached skill level 8 in Fighting
  7902 | D:8      | Noticed Maurice
  7910 | D:8      | Killed Maurice
  7914 | D:8      | Reached XP level 10. HP: 56/72 MP: 15/17
  8249 | D:8      | Found Joylais's Gadget Emporium.
  8281 | D:8      | Found a staircase to the Lair.
  8363 | D:8      | Reached skill level 5 in Short Blades
  8363 | D:8      | Reached skill level 5 in Axes
  8363 | D:8      | Reached skill level 5 in Maces & Flails
  8363 | D:8      | Reached skill level 5 in Polearms
  8363 | D:8      | Reached skill level 5 in Staves
  8363 | D:8      | Reached skill level 5 in Slings
  8363 | D:8      | Reached skill level 5 in Bows
  8363 | D:8      | Reached skill level 5 in Crossbows
  8363 | D:8      | Reached skill level 5 in Throwing
  8363 | D:8      | Reached skill level 5 in Stealth
  8363 | D:8      | Reached skill level 5 in Shields
  8363 | D:8      | Reached skill level 5 in Unarmed Combat
  8363 | D:8      | Reached skill level 5 in Spellcasting
  8363 | D:8      | Reached skill level 5 in Evocations
  8375 | D:8      | Slain by a hellwing

Skill      XL: |  1  2  3  4  5  6  7  8  9 10 |
---------------+-------------------------------+-----
Short Blades   | 1 2 3 4 5 |  5.0
Axes           | 1 2 3 4 5 |  5.0
Maces & Flails | 1 2 3 4 5 |  5.0
Polearms       | 1 2 3 4 5 |  5.0
Staves         | 1 2 3 4 5 |  5.0
Slings         | 1 2 3 4 5 |  5.0
Bows           | 1 2 3 4 5 |  5.0
Crossbows      | 1 2 3 4 5 |  5.0
Throwing       | 1 2 3 4 5 |  5.0
Stealth        | 1 2 3 4 5 |  5.0
Shields        | 1 2 3 4 5 |  5.0
Unarmed Combat | 1 2 3 4 5 |  5.0
Spellcasting   | 1 2 3 4 5 |  5.0
Evocations     | 1 2 3 4 5 |  5.0
Conjurations   | 1 2 3 4 |  4.1
Hexes          | 1 2 3 4 |  4.1
Charms         | 1 2 3 4 |  4.1
Summonings     | 1 2 3 4 |  4.1
Necromancy     | 1 2 3 4 |  4.1
Translocations | 1 2 3 4 |  4.1
Transmutations | 1 2 3 4 |  4.1
Fire Magic     | 1 2 3 4 |  4.1
Ice Magic      | 1 2 3 4 |  4.1
Air Magic      | 1 2 3 4 |  4.1
Earth Magic    | 1 2 3 4 |  4.1
Poison Magic   | 1 2 3 4 |  4.1
Dodging        | 3 4 5 |  5.6
Invocations    | 5 6 7 |  7.2
Long Blades    | 5 6 |  6.8
Armour         | 5 6 |  6.8
Fighting       | 7 8 |  8.3

Action                   |  1- 3 |  4- 6 |  7- 9 | 10-12 || total
-------------------------+-------+-------+-------+-------++-------
Melee: Falchion          |    85 |   162 |   368 |    77 ||   692
       Bite              |     5 |    19 |    42 |    20 ||    86
       Punch             |       |       |     9 |       ||     9
Invok: Depart the Abyss  |     1 |       |       |       ||     1
Evoke: Wand              |       |       |    12 |       ||    12
  Use: Scroll            |       |    15 |     9 |       ||    24
       Potion            |       |     2 |     9 |     1 ||    12
 Stab: Sleeping          |       |       |     4 |       ||     4
  Eat: Chunk             |     1 |     4 |     2 |       ||     7
       Ration            |       |     2 |     3 |       ||     5
Armor: Leather armour    |    16 |       |       |       ||    16
       Ring mail         |     7 |    32 |   142 |    41 ||   222
       Skin              |       |       |    25 |     1 ||    26
Dodge: Dodged            |    62 |    90 |   238 |    84 ||   474
       Rpst.: Falchion   |    14 |    27 |    80 |    15 ||   136
